 Dungeon Crawl Stone Soup version 0.27.1-4-g1640c2035a (webtiles) character file.

Game seed: 2223688536834108354

39 Crownlay the Digger (level 3, -4/19 HPs)
             Began as a Gargoyle Earth Elementalist on Nov 6, 2021.
             Slain by Terence (8 damage)
             ... on level 2 of the Dungeon.
             The game lasted 00:02:49 (1564 turns).

Crownlay the Digger (Gargoyle Earth Elementalist)   Turns: 1564, Time: 00:02:49

Health: -4/19      AC:  5    Str: 11    XL:     3   Next: 45%
Magic:  1/7        EV: 11    Int: 16    God:
Gold:   17         SH:  0    Dex: 10    Spells: 7/8 levels left

rFire    . . .     SeeInvis .   g - +2 dagger (flame)
rCold    . . .     Faith    .   (no shield)
rNeg     + . .     Spirit   .   b - +0 robe
rPois    ∞         Reflect  .   (no helmet)
rElec    +         Harm     .   (no cloak)
rCorr    .         Rampage  .   (no gloves)
Will     .....                  (no boots)
Stlth    ++........             (no amulet)
HPRegen  0.06/turn              (no ring)
MPRegen  0.10/turn              (no ring)

@: no status effects
A: sickness immunity, AC +3, negative energy resistance 1, electricity
resistance, torment resistance 1, petrification resistance
a: no special abilities


You were on level 2 of the Dungeon.
You visited 1 branch of the dungeon, and saw 2 of its levels.

You collected 17 gold pieces.

Inventory:

Hand Weapons
 g - a +2 dagger of flaming (weapon)
Missiles
 c - 27 stones
Armour
 b - a +0 robe (worn)
Scrolls
 a - 3 scrolls of amnesia {unknown}
 d - a scroll of noise {unknown}
 f - a scroll of enchant weapon {unknown}
 h - a scroll of brand weapon {unknown}
Potions
 e - a potion of ambrosia {unknown}


   Skills:
 - Level 1.5 Dodging
 - Level 2.1 Stealth
 * Level 3.1 Spellcasting
 - Level 0.7 Transmutations
 + Level 4.2 Earth Magic


You had 7 spell levels left.
You knew the following spells:

 Your Spells              Type           Power      Damage    Failure   Level
a - Sandblast             Erth           32%        2d9       3%          1

Your spell library contained the following spells:

 Spells                   Type           Power      Damage    Failure   Level
 Passwall                 Tmut/Erth      8%         N/A       10%         2
 Stone Arrow              Conj/Erth      18%        3d8       24%         3
 Petrify                  Tmut/Erth      10%        N/A       54%         4


Dungeon Overview and Level Annotations

Branches:
Dungeon (2/15)

Altars:

Annotations:
D:2 Terence


Innate Abilities, Weirdness & Mutations

You are immune to sickness and miasma.
Your stone body is resilient. (AC +3)
You are immune to poison.
You resist negative energy. (rN+)
You are resistant to electric shocks. (rElec)
You are resistant to unholy torment.
You are immune to petrification.


Message History

The blast of sand misses the ball python.
Terence hits you with a +1 flail of protection.
The blast of sand hits Terence.
Terence is lightly wounded.
Terence hits you but does no damage.
The blast of sand hits Terence but does no damage.
Terence is lightly wounded.
Terence hits you with a +1 flail of protection!
* * * LOW HITPOINT WARNING * * *
You are too injured to fight recklessly!
Casting: Sandblast (safe; 3% risk of failure)
Confirm with . or Enter, or press ? or * to list all spells.
You don't know that spell.
Casting: Sandblast (safe; 3% risk of failure)
Confirm with . or Enter, or press ? or * to list all spells.
Aiming: Sandblast (safe; 3% risk of failure)
Press: ? - help, Shift-Dir - straight line, f/p - Terence
Aim: Terence, wielding a +1 flail of protection and wearing a +0 scale mail (lightly wounded, 82% to hit)
The blast of sand misses Terence.
The blast of sand hits the ball python!
You kill the ball python!
Terence barely misses you.
Casting: Sandblast (safe; 3% risk of failure)
Confirm with . or Enter, or press ? or * to list all spells.
Aiming: Sandblast (safe; 3% risk of failure)
Press: ? - help, Shift-Dir - straight line, f/p - Terence
Aim: Terence, wielding a +1 flail of protection and wearing a +0 scale mail (lightly wounded, 82% to hit)
The blast of sand hits Terence but does no damage.
Terence is lightly wounded.
Terence closely misses you.
Casting: Sandblast (safe; 3% risk of failure)
Confirm with . or Enter, or press ? or * to list all spells.
You don't have enough magic to cast this spell.
Unknown command.
Casting: Sandblast (safe; 3% risk of failure)
Confirm with . or Enter, or press ? or * to list all spells.
You don't have enough magic to cast this spell.
You hit Terence but do no damage.
Terence is lightly wounded.
Terence hits you with a +1 flail of protection!
You die...

#.# #.# ####.# ..##.# .
#.##.# .. ##### #.##.#
...#...###.##.#
...?..........#######.#
...............@@.....#
####.#####.##.#########
... #.##.# ..... #.##.#
#.... ..##.# #.###
..##.# #. ......# #
#..####


You could see Terence.

Vanquished Creatures
  An adder (D:2)
  2 dart slugs
  3 endoplasms
  3 hobgoblins (D:1)
  2 quokkas (D:1)
  6 ball pythons
  4 bats (D:1)
  4 frilled lizards
  A kobold (D:2)
  A rat (D:1)
27 creatures vanquished.

Notes
Turn   | Place    | Note
-------+----------+-------------------------------------------
     0 | D:1      | Crownlay the Gargoyle Earth Elementalist began the quest
                  | for the Orb.
     0 | D:1      | Reached XP level 1. HP: 10/10 MP: 3/3
   144 | D:1      | Found a faded altar of an unknown god.
   288 | D:1      | Reached XP level 2. HP: 12/15 MP: 5/5
   839 | D:1      | Reached skill level 4 in Earth Magic
  1210 | D:2      | Reached XP level 3. HP: 15/19 MP: 0/7
  1543 | D:2      | Noticed Terence
  1564 | D:2      | Slain by Terence

Illustrated notes

Levels and vault maps discovered:
D:1:      amcnicky_arrival_gap_in_the_tavern_cellar, layout_loops_ring,
          dreamdust_ecumenical_altar_hidden_monk_grotto, st_stairs_9,
          minmay_misc_feat_five, minmay_misc_feat_more_columns
D:2:      layout_loops_ring, st_stairs_3, grunt_ministairs_12, uniq_terence

Skill      XL: |  1  2 |
---------------+-------+-----
Earth Magic    | 4 |  4.2
Spellcasting   | 3 |  3.1
Dodging        | |  1.5
Stealth        | |  2.1
Transmutations | |  0.7

Action                   || total
-------------------------++-------
Melee: Unarmed           ||    62
       Mace              ||    13
       Dagger            ||    13
 Cast: Sandblast         ||    30
 Stab: Sleeping          ||     1
Armor: Robe              ||    32
Dodge: Dodged            ||    66
